 Dungeon Crawl Stone Soup version 0.28.0-1-gb440e238dd (webtiles) character file.

Game seed: 10843297432221109186

20 spaghetti the Caller (level 2, 0/20 HPs)
             Began as a Demigod Summoner on Feb 20, 2022.
             Slain by a kobold (2 damage)
             ... on level 1 of the Dungeon.
             The game lasted 00:02:20 (1175 turns).

spaghetti the Caller (Demigod Summoner)             Turns: 1175, Time: 00:02:21

Health: 0/20       AC:  2    Str:  9    XL:     2   Next: 42%
Magic:  2/7        EV: 12    Int: 17    God:
Gold:   28         SH:  0    Dex: 14    Spells: 3/4 levels left

rFire   . . .      SeeInvis .   (no weapon)
rCold   . . .      Faith    .   (no shield)
rNeg    . . .      Spirit   .   a - +0 robe
rPois   .          Reflect  .   (no helmet)
rElec   .          Harm     .   (no cloak)
rCorr   .          Rampage  .   (no gloves)
Will    .....                   (no boots)
Stlth   ++........              (no amulet)
HPRegen 0.06/turn               (no ring)
MPRegen 0.10/turn               (no ring)

@: no status effects
A: high MP 1, forlorn, divine attributes
a: no special abilities


You were on level 1 of the Dungeon.
You visited 1 branch of the dungeon, and saw 1 of its levels.

You collected 28 gold pieces.

Inventory:

Armour
 a - a +0 robe (worn)


   Skills:
 - Level 1.7 Dodging
 - Level 1.7 Stealth
 - Level 1.7 Spellcasting
 + Level 4.3 Summonings


You had 3 spell levels left.
You knew the following spells:

 Your Spells              Type           Power      Damage    Failure   Level
a - Summon Small Mammal   Summ           64%        N/A       3%          1

Your spell library contained the following spells:

 Spells                   Type           Power      Damage    Failure   Level
 Call Imp                 Summ           16%        N/A       4%          2
 Call Canine Familiar     Summ           16%        N/A       10%         3
 Summon Guardian Golem    Hex/Summ       8%         N/A       24%         3
 Summon Lightning Spire   Summ/Air       8%         N/A       63%         4


Dungeon Overview and Level Annotations

Branches:
Dungeon (1/15)

Shops:
D:1 **


Innate Abilities, Weirdness & Mutations

You have an increased reservoir of magic. (+10% MP)
You shall have no god before yourself.
Your divine heritage dramatically boosts your attributes as you level up.


Message History

Casting: Summon Small Mammal (safe; 3% risk of failure)
Press: ? - help, Q - select action Dir - look around, f - activate The hobgoblin barely misses you.
Your rat bites the hobgoblin but does no damage.
You barely miss the hobgoblin.
The hobgoblin is lightly wounded.
Something hits your rat.
Your rat dies!
Your rat's corpse disappears in a puff of smoke!
The hobgoblin barely misses you.
Your rat barely misses the hobgoblin.
You hit the hobgoblin but do no damage.
The hobgoblin is lightly wounded.
The hobgoblin hits you.
* * * LOW HITPOINT WARNING * * *
Your rat bites the hobgoblin but does no damage.
You barely miss the hobgoblin.
The hobgoblin is lightly wounded.
The hobgoblin barely misses you.
Your rat bites the hobgoblin but does no damage.
You aren't carrying any items that you can evoke.
You aren't carrying any scrolls.
You hit the hobgoblin. Your punch misses the hobgoblin.
The hobgoblin is heavily wounded.
The hobgoblin hits you but does no damage.
Your rat bites the hobgoblin.
The hobgoblin dies!
Casting: Summon Small Mammal (safe; 3% risk of failure)
Press: ? - help, Q - select action Dir - look around, f - activate You hit the kobold but do no damage.
The kobold hits you with a +0 short sword.
* * * LOW HITPOINT WARNING * * *
Your quokka closely misses the kobold.
Your rat bites the kobold but does no damage.
You closely miss the kobold.
Your quokka closely misses the kobold.
The kobold barely misses you.
Your rat bites the kobold.
You closely miss the kobold.
The kobold is heavily wounded.
Your quokka barely misses the kobold.
The kobold hits you with a +0 short sword.
You die...

### #.# ## #.# ... ###r#
....######## #rK.#
......(....#####@#.## .......
...............#+#r.# ........
.............#8#J#≈K####........
.............###J###............
.............'..∩..b.###.J...:..
.............###.###.###........
........###.#.≈#.#8#............
...............#'###....#.......
.........###.#... ###..........


You could see a kobold (ally target), a friendly quokka (summoned) and a
friendly rat (summoned).

Vanquished Creatures
  An endoplasm (D:1)
  A goblin (D:1)
2 creatures vanquished.

Vanquished Creatures (collateral kills)
  5 endoplasms (D:1)
  A giant cockroach (D:1)
  3 goblins (D:1)
  2 hobgoblins (D:1)
  A quokka (D:1)
  A frilled lizard (D:1)
  A rat (D:1)
14 creatures vanquished.

Grand Total: 16 creatures vanquished

Notes
Turn   | Place    | Note
-------+----------+-------------------------------------------
     0 | D:1      | spaghetti the Demigod Summoner began the quest for the Orb.
     0 | D:1      | Reached XP level 1. HP: 14/14 MP: 5/5
   471 | D:1      | Reached skill level 4 in Summonings
   721 | D:1      | Reached XP level 2. HP: 19/20 MP: 4/7
   862 | D:1      | Found Dida's General Store.
   911 | D:1      | Found Ostaercho's Assorted Antiques.
  1175 | D:1      | Slain by a kobold

Illustrated notes

Levels and vault maps discovered:
D:1:      kilobyte_arrival_exit_the_forest, layout_rooms, serial_shops, shop,
          nicolae_shop_hallway_plus

Skill      XL: |  1 |
---------------+----+-----
Summonings     | 4 |  4.3
Dodging        | |  1.7
Stealth        | |  1.7
Spellcasting   | |  1.7

Action                   || total
-------------------------++-------
Melee: Unarmed           ||    48
       Punch             ||     1
 Cast: Summon Small Mamm ||    24
  Use: Scroll            ||     2
Armor: Robe              ||     9
Dodge: Dodged            ||    50
